 Dungeon Crawl Stone Soup version 0.30-a0-218-gedb9141078 (webtiles) character file.

Game seed: 1667603712519271087

119 Morbidden the Ducker (level 4, -1/36 HPs)
             Began as a Draconian Artificer on Oct 5, 2022.
             Killed from afar by Natasha (4 damage)
             ... with a magic dart
             ... on level 4 of the Dungeon.
             The game lasted 00:04:11 (3142 turns).

Morbidden the Ducker (Draconian Artificer)          Turns: 3142, Time: 00:04:12

Health: -1/36      AC:  6    Str: 13 (14) XL:     4   Next: 73%
Magic:  4/4        EV: 16    Int: 18 (20) God:
Gold:   181        SH:  0    Dex:  8 (11) Spells: 1/4 levels left

rFire   . . .      SeeInvis .      - Unarmed
rCold   . . .      Faith    .    (no shield)
rNeg    . . .      Spirit   .    (body armour unavailable)
rPois   .          Reflect  .    (helmet restricted)
rElec   .          Harm     .    (no cloak)
rCorr   .          Rampage  .    e - +0 pair of gloves
Will    .....                    (no boots)
Stlth   +.........               (no amulet)
HPRegen 0.26/turn                l - +4 ring of evasion
MPRegen 0.09/turn                p - +6 ring of intelligence

@: slowed, very slow
A: AC +5, unfitting armour, cold-blooded
a: no special abilities


You were on level 4 of the Dungeon.
You visited 1 branch of the dungeon, and saw 4 of its levels.

You collected 181 gold pieces.

Inventory:

Missiles
 s - 3 poisoned darts (quivered)
Armour
 e - a +0 pair of gloves (worn)
Jewellery
 l - a +4 ring of evasion (left hand)
 p - a +6 ring of intelligence (right hand)
Wands
 b - a wand of flame (9)
 c - a wand of charming (15)
 d - a wand of iceblast (5)
Scrolls
 a - 2 scrolls of fog {unknown}
 m - a scroll of enchant armour {unknown}
 o - a scroll of enchant weapon {unknown}
 r - 2 scrolls of identify {unknown}
Potions
 f - a potion of berserk rage {unknown}
 g - 2 potions of degeneration
 h - 2 potions of attraction {unknown}
 i - 2 potions of curing {unknown}
 j - a potion of heal wounds {unknown}
 k - a potion of flight {unknown}
 n - a potion of haste
 q - a potion of lignification {unknown}


   Skills:
 * Level 1.8 Fighting
 * Level 3.5 Dodging
 + Level 0.9 Stealth
 * Level 2.0 Unarmed Combat
 * Level 0.6 Spellcasting
 * Level 3.3 Evocations


You had one spell level left.
You knew the following spells:

 Your Spells              Type           Power      Damage    Failure   Level
a - Vampiric Draining     Necr           0%         2d6       54%         3

Your spell library contained the following spells:

 Spells                   Type           Power      Damage    Failure   Level
 Slow                     Hex            0%         N/A       22%         1
 Confusing Touch          Hex            0%         N/A       54%         3


Dungeon Overview and Level Annotations

Branches:
Dungeon (4/15)
 Temple: D:4-7

Altars:
Sif Muna
Uskayaw

Annotations:
D:4 Natasha


Innate Abilities, Weirdness & Mutations

Your plain brown scales are hard. (AC +5)
You cannot fit into any form of body armour.
You are cold-blooded and may be slowed by cold attacks.


Message History

You are too injured to fight recklessly!
You are too injured to fight recklessly!
You are too injured to fight recklessly!
You are too injured to fight recklessly!
You are too injured to fight recklessly!
You are too injured to fight recklessly!
You are too injured to fight recklessly!
You are too injured to fight recklessly!
You are too injured to fight recklessly!
You are too injured to fight recklessly!
You are too injured to fight recklessly!
You are too injured to fight recklessly!
You are too injured to fight recklessly!
You are too injured to fight recklessly!
You are too injured to fight recklessly!
You are too injured to fight recklessly!
You are too injured to fight recklessly!
You are too injured to fight recklessly!
You are too injured to fight recklessly!
You are too injured to fight recklessly!
You are too injured to fight recklessly!
You are too injured to fight recklessly!
You are too injured to fight recklessly!
You are too injured to fight recklessly!
Unknown command.
Unknown command.
Natasha attacks as you move away! Natasha claws you!
* * * LOW HITPOINT WARNING * * *
Natasha casts a spell at you. The magic dart hits you.
* * * LOW HITPOINT WARNING * * *
The iron imp closely misses you.
There is a stone staircase leading up here.
Unknown command.
Unknown command.
Unknown command.
Unknown command.
Natasha stares at you and mumbles some strange words.
The magic dart hits you.
You die...

#.............# .
#.......?.......
.
#...............
.
#...............
.
#...............
. #...>..........
. #..............
.
#####(...h5......
.
.........@......#
#
######.#########
#..# #..## #
##..# # #..# ##
##.## #. #..# #.
##.## #.


You could see an iron imp (summoned) and Natasha.

Vanquished Creatures
  A gnoll bouda (D:3)
  A dart slug (D:2)
  A worm (D:3)
  7 orcs
  A bat (D:3)
  7 endoplasms
  3 giant cockroaches
  5 goblins
  8 hobgoblins
  9 jackals
  2 quokkas
  7 ball pythons
  6 frilled lizards
  9 kobolds
  8 rats
75 creatures vanquished.

Notes
Turn   | Place    | Note
-------+----------+-------------------------------------------
     0 | D:1      | Morbidden the Draconian Artificer began the quest for the
                  | Orb.
     0 | D:1      | Reached XP level 1. HP: 16/16 MP: 1/1
    96 | D:1      | Reached XP level 2. HP: 14/23 MP: 2/2
   543 | D:1      | Reached XP level 3. HP: 28/28 MP: 3/3
   737 | D:1      | Reached skill level 1 in Unarmed Combat
   992 | D:2      | Found a hide-covered altar of Uskayaw.
  2006 | D:3      | Found a shimmering blue altar of Sif Muna.
  2096 | D:3      | Reached XP level 4. HP: 17/35 MP: 4/4
  2271 | D:3      | Learned a level 3 spell: Vampiric Draining
  2531 | D:3      | Found a faded altar of an unknown god.
  3131 | D:4      | Noticed Natasha
  3142 | D:4      | Killed from afar by Natasha

Illustrated notes

Levels and vault maps discovered:
D:1:      minmay_arrival_plants_in_alcoves, layout_basic, st_stairs_4,
          chequers_serial_rivers_micro_e
D:2:      layout_loops_cross, basic_altar
D:3:      kennysheep_six_static_rooms, layout_basic, lemuel_round_altar,
          dreamdust_ecumenical_altar_statues, minmay_misc_feat_hallway
D:4:      layout_cave_pods, lemuel_crystal_altar, uniq_grinder, uniq_sigmund,
          uniq_natasha

Skill      XL: |  1  2  3  4 |
---------------+-------------+-----
Unarmed Combat | 1 2 |  2.0
Dodging        | 3 |  3.5
Fighting       | |  1.8
Stealth        | |  0.9
Spellcasting   | |  0.6
Evocations     | |  3.3

Action                   |  1- 3 |  4- 6 || total
-------------------------+-------+-------++-------
Melee: Unarmed           |   300 |   115 ||   415
       Tailslap          |    33 |    12 ||    45
       Punch             |     1 |       ||     1
Throw: Dart              |     5 |     3 ||     8
Evoke: Wand              |       |     6 ||     6
  Use: Potion            |       |     2 ||     2
 Stab: Sleeping          |     1 |     1 ||     2
Armor: Skin              |   106 |    17 ||   123
Dodge: Dodged            |   234 |    70 ||   304

Table legend: (Time is in decaauts)
 A = Elapsed time spent in this place.
 B = Non-inter-level travel time spent in this place.
 C = Inter-level travel time spent in this place.
 D = Time resting spent in this place.
 E = Time spent auto-exploring this place.
 F = Levels seen in this place.
 G = Mean time per level.
                   A        B        C        D        E       F      G
               +--------+--------+--------+--------+--------+-----+--------+
         Total |   3126 |   3081 |     45 |    165 |   2187 |   4 |  781.5 |
       Dungeon |   3126 |   3081 |     45 |    165 |   2187 |   4 |  781.5 |
               +--------+--------+--------+--------+--------+-----+--------+

Top non-repeatable levels by time:
     D:3: 1129 daAuts
     D:1: 997 daAuts
     D:2: 782 daAuts
     D:4: 216 daAuts
